[ AOE2 MATCH · #505592474 ]
UnrankedSpanish vs Armenians
Player's team · LOSS
Rival team · WIN
[ REPLAY ANALYSIS · EXTRACTED FROM THE RECORDED GAME ]
Feudal
—
Castle
—
Imperial
—
| APM avg | 72.9 |
| APM peak | 94 |
| eAPM avg | 32.3 |
| Villagers / military | 15 / 0 |
Focus
⚔️ 49.4% · 🌾 50.6%
Feudal
—
Castle
—
Imperial
—
| APM avg | 68.5 |
| APM peak | 88 |
| eAPM avg | 29.0 |
| Villagers / military | 24 / 3 |
Focus
⚔️ 38.0% · 🌾 62.0%
Militia ×3
Match map
Initial resources + every placement click. Lines = walls · curves = elevation contours. ◆ gold · ⬟ stone · ● berries · ✦ relic · ◌ wall gap
Your base
青衫天子's base
Smoothed initial terrain · ◌ = detected wall gap · hover for details
Inputs per minute
— itsa true - - 青衫天子
Build order — itsa true
30 actions detected in the replay
| 0:00 | Queue | Villager (Male) |
| 0:01 | Queue | Villager (Male) |
| 0:01 | Queue | Villager (Male) |
| 0:01 | Queue | Villager (Male) |
| 0:02 | Build | House |
| 0:04 | Build | House |
| 1:06 | Queue | Villager (Male) |
| 1:57 | Queue | Villager (Male) |
| 2:06 | Queue | Villager (Male) |
| 2:28 | Queue | Villager (Male) |
| 2:42 | Build | Lumber Camp |
| 2:46 | Queue | Villager (Male) |
| 3:13 | Queue | Villager (Male) |
| 3:17 | Queue | Villager (Male) |
| 3:36 | Queue | Villager (Male) |
| 3:49 | Build | House |
| 3:52 | Build | House |
| 4:10 | Queue | Villager (Male) |
| 4:17 | Queue | Villager (Male) |
| 5:10 | Build | Mill |
| 5:55 | Research | Feudal Age |
| 7:09 | Build | Palisade Wall |
| 7:13 | Research | Loom |
| 7:18 | Build | House |
| 7:27 | Build | Barracks |
| 7:30 | Queue | Villager (Male) |
| 7:34 | Build | Palisade Wall |
| 7:42 | Build | Palisade Wall |
| 7:47 | Build | Palisade Wall |
| 7:50 | Build | Palisade Wall |
Build order — 青衫天子
36 actions detected in the replay
| 0:02 | Queue | Villager (Male) |
| 0:02 | Queue | Villager (Male) |
| 0:02 | Queue | Villager (Male) |
| 0:03 | Build | House |
| 0:04 | Build | House |
| 0:05 | Queue | Villager (Male) |
| 1:30 | Queue | Villager (Male) |
| 1:59 | Build | Mule Cart |
| 2:04 | Queue | Villager (Male) |
| 2:04 | Queue | Villager (Male) |
| 2:23 | Queue | Villager (Male) |
| 2:54 | Queue | Villager (Male) |
| 2:54 | Queue | Villager (Male) |
| 3:08 | Queue | Villager (Male) |
| 3:08 | Queue | Villager (Male) |
| 3:28 | Build | House |
| 3:38 | Queue | Villager (Male) |
| 3:41 | Queue | Villager (Male) |
| 4:18 | Build | Barracks |
| 4:20 | Queue | Villager (Male) |
| 4:41 | Build | House |
| 4:56 | Queue | Villager (Male) |
| 5:13 | Queue | Militia |
| 5:13 | Queue | Militia |
| 5:16 | Queue | Villager (Male) |
| 5:29 | Queue | Villager (Male) |
| 5:48 | Build | Mill |
| 6:03 | Queue | Villager (Male) |
| 6:04 | Queue | Militia |
| 6:36 | Build | House |
| 6:38 | Queue | Villager (Male) |
| 6:38 | Queue | Villager (Male) |
| 6:57 | Queue | Villager (Male) |
| 7:12 | Build | Mule Cart |
| 7:25 | Queue | Villager (Male) |
| 7:47 | Queue | Villager (Male) |
Match timeline
| 4:18 | 青衫天子 · first_building Barracks |
| 7:09 | itsa true · wall_segment Palisade Wall x1 |
| 7:27 | itsa true · first_building Barracks |
| 7:34 | itsa true · wall_segment Palisade Wall x1 |
| 7:42 | itsa true · wall_segment Palisade Wall x1 |
| 7:47 | itsa true · wall_segment Palisade Wall x1 |
| 7:50 | itsa true · wall_segment Palisade Wall x1 |
| 7:55 | itsa true · resign |
[ AI ANALYSIS · 1 CREDIT ]
What really happened in this match?
Wolo.gg analyzes every decision: build order, eco, micro, common mistakes by bracket. Personalized analysis on WhatsApp or Discord in 30 seconds.
Civ guide
Spanish
Perfil
Jugador #10802610